 Dungeon Crawl Stone Soup version 0.20-a0-903-g7e3609c (webtiles) character file.

189 Goblin1989 the Slasher (level 5, -10/41 HPs)
             Began as a Demonspawn Monk on Mar 21, 2017.
             Was a Believer of Yredelemnul.
             Mangled by an ogre
             ... wielding a +0 giant club
              (16 damage)
             ... on level 4 of the Dungeon.
             The game lasted 00:08:26 (4075 turns).

Goblin1989 the Slasher (Demonspawn Monk)            Turns: 4075, Time: 00:08:27

Health: -10/41     AC:  8    Str: 12    XL:     5   Next: 40%
Magic:  5/5        EV: 11    Int: 11    God:    Yredelemnul [**....]
Gold:   171        SH:  0    Dex: 16    Spells: 4/4 levels left

rFire    . . .     SeeInvis .   a - +0 falchion
rCold    + . .     Gourm    .   k - +0 ring mail
rNeg     . . .     Faith    .   (no shield)
rPois    .         Spirit   .   (no helmet)
rElec    .         Reflect  .   r - +0 cloak
rCorr    .         Harm     .   g - +1 pair of gloves
MR       .....                  (no boots)
Stlth    +.........             (no amulet)
Regen    0.2/turn               (no ring)
MPRegen  0.1/turn               (no ring)

@: drained
A: cold resistance 1, freezing cloud immunity
a: Animate Remains, Recall Undead Slaves, Injury Mirror, Renounce Religion


You were on level 4 of the Dungeon.
You worshipped Yredelemnul.
Yredelemnul was pleased with you.
You were very hungry.

You visited 1 branch of the dungeon, and saw 4 of its levels.

You collected 171 gold pieces.

Inventory:

Hand Weapons
 a - a +0 falchion (weapon)
Armour
 g - a +1 pair of gloves (worn)
 j - a cursed +0 chain mail
 k - a +0 ring mail (worn)
 r - a +0 cloak (worn)
Jewellery
 s - an uncursed ring of protection from cold {unknown}
Scrolls
 b - 2 scrolls of identify {unknown}
 c - 2 scrolls of teleportation {unknown}
 h - 2 scrolls of enchant armour {unknown}
 o - a scroll of amnesia {unknown}
 p - a scroll of recharging {unknown}
 q - a scroll of remove curse {unknown}
 v - a scroll of immolation {unknown}
Potions
 l - a potion of agility {unknown}
 m - a potion of resistance {unknown}
 n - a potion of lignification {unknown}
 t - 3 potions of curing {unknown}
 u - a potion of degeneration {unknown}
 w - a potion of brilliance {unknown}
Comestibles
 d - a meat ration {@e2}
 e - 3 bread rations {@e1}
 i - a royal jelly


   Skills:
 - Level 3.0(2.5) Fighting
 * Level 5.5(5.0) Long Blades
 - Level 2.6(2.2) Dodging
 - Level 1.7(1.3) Stealth
 + Level 1.1(0.7) Invocations


You had 4 spell levels left.
You didn't know any spells.

Dungeon Overview and Level Annotations

Branches:
Dungeon (4/15)
 Temple: D:4-7

Altars:
Qazlal
Ru
Sif Muna
Yredelemnul


Innate Abilities, Weirdness & Mutations

Your flesh is cold resistant. (rC+)
You are immune to freezing clouds.


Message History

Nht's ghost hits you but does no damage.
You closely miss nht's ghost.
Nht's ghost is severely damaged.
Nht's ghost barely misses you.
You riposte.
You hit nht's ghost.
Nht's ghost is almost destroyed.
You closely miss nht's ghost.
Nht's ghost is almost destroyed.
Nht's ghost closely misses you.
You hit nht's ghost.
Nht's ghost is almost destroyed.
Nht's ghost hits you.
* * * LOW HITPOINT WARNING * * *
Nht's ghost hits you!
* * * LOW HITPOINT WARNING * * *
You take 9 damage, and have 6/41 hp.
MASSIVE DAMAGE!!
You hit nht's ghost.
Nht's ghost is almost destroyed.
Nht's ghost hits you but does no damage.
Some of the chunks of flesh in your inventory have rotted away.
You hit nht's ghost.
You destroy nht's ghost!
Yredelemnul accepts your kill.
Your base Invocations skill increases to level 1!
Unknown command.
You start resting.
All of the chunks of flesh in your inventory have rotted away.
You are feeling hungry.
You regained 15 hp, and now have 21/41 hp.
HP restored.
You see here a mace.
Done exploring.
Health restored: 41 Done exploring.
Done exploring.
(D) Dungeon
Where to? (Enter - D:2 @ (x,y), ? - help)
You are feeling very hungry.
(D) Dungeon
Where to? (Enter - D:4, ? - help)
There is a stone staircase leading down here.
You climb downwards.
There is a stone staircase leading up here.
t - 3 golden potions (gained 1)
There is a stone staircase leading up here.
Found a stone staircase leading up.
You see here a whip.
There is a stone staircase leading up here.
Found a stone staircase leading up.
Found a stone staircase leading down.
There is a stone staircase leading down here.
b - 2 scrolls labeled YTRUCI INEVU (gained 1)
You now have 171 gold pieces (gained 9).
An ogre comes into view. It is wielding a giant club.
The ogre shouts!
The ogre hits you with a giant club!
You take 12 damage, and have 29/41 hp.
MASSIVE DAMAGE!!
You hit the ogre.
The ogre is lightly wounded.
You hit the ogre but do no damage.
The ogre is lightly wounded.
The ogre hits you with a giant club!!
Ouch! That really hurt!
* * * LOW HITPOINT WARNING * * *
You take 23 damage, and have 6/41 hp.
MASSIVE DAMAGE!!
You are too injured to fight recklessly!
You are too injured to fight recklessly!
You are too injured to fight recklessly!
You are too injured to fight recklessly!
You are too injured to fight recklessly!
You are too injured to fight recklessly!
You are too injured to fight recklessly!
You are too injured to fight recklessly!
You are too injured to fight recklessly!
You are too injured to fight recklessly!
You are too injured to fight recklessly!
You are too injured to fight recklessly!
You are too injured to fight recklessly!
You are too injured to fight recklessly!
You are too injured to fight recklessly!
You are too injured to fight recklessly!
You are too injured to fight recklessly!
You are too injured to fight recklessly!
You are too injured to fight recklessly!
You are too injured to fight recklessly!
You are too injured to fight recklessly!
You are too injured to fight recklessly!
You are too injured to fight recklessly!
You slash the ogre!
The ogre is heavily wounded.
The ogre barely misses you.
You riposte.
You hit the ogre.
The ogre is severely wounded.
You barely miss the ogre.
The ogre is severely wounded.
The ogre closely misses you.
You riposte.
You closely miss the ogre.
The ogre is severely wounded.
You hit the ogre.
The ogre is severely wounded.
The ogre hits you with a giant club!
You die...
Your body rises from the dead as a mindless zombie.

♣♣♣≈♣♣P.....
≈ ≈≈........
.█........
........█
█......█
█.....█
█..O.█ █@..█
█...█ █...█
██...█
██....█
██.....█
██...████
██...██
███...██


You could see an ogre.

Vanquished Creatures
  The ghost of nht the Chopper, a weakling BaBe of Trog (D:3)
  4 gnolls (D:3)
  3 adders
  An ooze (D:1)
  2 dart slugs
  A leopard gecko (D:1)
  6 orcs (D:3)
  3 ball pythons
  3 giant cockroaches
  8 goblins
  4 hobgoblins
  10 kobolds
  10 bats
  3 frilled lizards
  10 rats
69 creatures vanquished.

Notes
Turn   | Place    | Note
-------+----------+-------------------------------------------
     0 | D:1      | Goblin1989 the Demonspawn Monk began the quest for the Orb.
     0 | D:1      | Reached XP level 1. HP: 18/18 MP: 1/1
    71 | D:1      | Reached skill level 3 in Long Blades
   150 | D:1      | Gained mutation: Your flesh is cold resistant. (rC+) [demonic ancestry]
   150 | D:1      | Reached XP level 2. HP: 14/24 MP: 2/2
   903 | D:1      | Gained mutation: You are immune to freezing clouds. [demonic ancestry]
   903 | D:1      | Reached XP level 3. HP: 28/29 MP: 3/3
  1215 | D:2      | Reached skill level 4 in Long Blades
  1714 | D:2      | Found a deep blue altar of Sif Muna.
  1899 | D:2      | Reached XP level 4. HP: 35/35 MP: 4/4
  2074 | D:3      | Noticed nht's ghost (weakling BaBe)
  2276 | D:3      | Found a stormy altar of Qazlal.
  2276 | D:3      | Found a sacrificial altar of Ru.
  2637 | D:3      | Reached skill level 5 in Long Blades
  3030 | D:3      | Found a faded altar of an unknown god.
  3051 | D:3      | Became a worshipper of Yredelemnul the Dark
  3051 | D:3      | Reached * piety under Yredelemnul
  3051 | D:3      | Reached ** piety under Yredelemnul
  3460 | D:3      | Reached XP level 5. HP: 30/41 MP: 5/5
  3689 | D:3      | Killed nht's ghost
  3689 | D:3      | Reached skill level 1 in Invocations
  4066 | D:4      | Noticed an ogre
  4075 | D:4      | Mangled by an ogre

Vault maps used:
D:1:      dpeg_arrival_water_temple_mockup, serial_forest,
          infiniplex_forest_clump_cross, infiniplex_forest_clump_diagonal,
          infiniplex_forest_pool, infiniplex_forest_end_2,
          infiniplex_forest_straight_2
D:2:      lemuel_blue_sif_altar, first_bread
D:3:      gammafunk_temple_overflow_statue, chequers_ecumenical_altar_simple,
          grunt_ministairs_13, kennysheep_generic_room_7
D:4:      serial_bayou_lake_a, uniq_eustachio

Skill      XL: |  1  2  3  4  5 |
---------------+----------------+-----
Long Blades    | 3 4 5 |  5.5
Invocations    | 1 |  1.1
Fighting       | |  3.0
Dodging        | |  2.6
Stealth        | |  1.7

Action                   |  1- 3 |  4- 6 || total
-------------------------+-------+-------++-------
Melee: Falchion          |   115 |   138 ||   253
  Use: Potion            |       |     1 ||     1
 Stab: Sleeping          |     5 |     1 ||     6
  Eat: Chunk             |     3 |     6 ||     9
Armor: Robe              |    20 |       ||    20
       Ring mail         |    31 |    50 ||    81
Dodge: Dodged            |    98 |    88 ||   186
       Rpst.: Falchion   |    21 |    25 ||    46

Vault maps used:
D:1:      dpeg_arrival_water_temple_mockup, serial_forest,
          infiniplex_forest_clump_cross, infiniplex_forest_clump_diagonal,
          infiniplex_forest_pool, infiniplex_forest_end_2,
          infiniplex_forest_straight_2
D:2:      lemuel_blue_sif_altar, first_bread
D:3:      gammafunk_temple_overflow_statue, chequers_ecumenical_altar_simple,
          grunt_ministairs_13, kennysheep_generic_room_7
D:4:      serial_bayou_lake_a, uniq_eustachio
